 Dungeon Crawl Stone Soup version bcrawl-1.38.3 (webtiles) character file.

Game seed: 3891561487202555723

176752 MisterOstroum the Insei (level 5, -4/48 HPs)
             Began as a Vine Stalker Martial Artist on May 11, 2023.
             Was a Believer of Wu Jian.
             Slain by Ijyb
             ... wielding a +0 dagger of electrocution
              (15 damage)
             ... on level 3 of the Dungeon on May 12, 2023.
             The game lasted 00:07:02 (1879 turns).

MisterOstroum the Insei (VSMA)                      Turns: 1879, Time: 00:07:02

Health: -4/48      AC: 22    Str: 16    XL:     5   Next: 42%
Magic:  7/7        EV:  1    Int:  9    God:    Wu Jian [**....]
Gold:   145        SH:  0    Dex: 16    Spells: 5/6 levels left

rFire    . . .     GDR:     47% c - +1 dagger
rCold    . . .     SeeInvis .   (no shield)
rNeg     + + +     Gourm    .   (armour currently unavailable)
rPois    +         Faith    .   (helmet currently unavailable)
rElec    .         Spirit   .   (cloak currently unavailable)
rCorr    .         Reflect  .   (gloves currently unavailable)
MR       .....     NoTele   +   (boots currently unavailable)
Stlth    ++........             (no amulet)
HPRegen  0.58/turn              o - +4 ring of evasion
MPRegen  0.10/turn              (no ring)

@: tree-form
A: giant, regeneration 1, no potion heal 3, rot immunity
a: Wall Jump, Serpent's Lash, Renounce Religion


You were on level 3 of the Dungeon.
You worshipped Wu Jian.
Wu Jian was pleased with you.
You were very hungry.
You were a tree.
You visited 1 branch of the dungeon, and saw 3 of its levels.

You collected 145 gold pieces.

Inventory:

Hand Weapons
 c - a +1 dagger (weapon)
Missiles
 d - 500 sling bullets
 j - 64 bolts
 k - 180 poisoned needles
 s - 532 stones (quivered)
Armour
 a - a +0 robe
 l - a +0 leather armour (melded)
 m - a +0 pair of boots (melded)
 v - a +0 pair of gloves (melded)
Jewellery
 o - a +4 ring of evasion (left branch)
 u - a +2 ring of slaying {unknown}
Potions
 b - 2 potions of agility {@q5 !q}
 h - a potion of curing
 p - a potion of cancellation {unknown}
 q - a potion of heal wounds {unknown}
 r - a potion of brilliance
 t - a potion of haste {@q4 !q}
Comestibles
 e - 6 rations {!d}
 w - a chunk of flesh


   Skills:
 + Level 3.4 Fighting
 * Level 1.5 Short Blades
 + Level 4.0 Dodging
 + Level 3.5 Stealth
 * Level 4.7 Unarmed Combat
 - Level 1.1 Spellcasting
 - Level 1.0 Hexes


You had 5 spell levels left.
You knew the following spells:

 Your Spells              Type           Power        Failure   Level  Hunger
a - Confusing Touch       Hex            #.......     24%         1    None
Your spell library was empty.

Dungeon Overview and Level Annotations

Branches:
Dungeon (3/12)

Altars:
Wu Jian

Annotations:
D:3 Ijyb


Innate Abilities, Weirdness & Mutations

((You have extremely sharp teeth.))
Your natural rate of healing is unusually fast.
Potions cannot restore your health.
You are immune to rotting.
((Your bites deal extra damage.))


Message History

You feel sick.
The orc grunts loudly.
The leopard gecko barely misses you.
You feel sick.
You feel sick.
You spin and attack the leopard gecko.
You miss the leopard gecko.
You feel sick. The leopard gecko closely misses you.
You spin and attack the leopard gecko.
You hit the leopard gecko.
The leopard gecko is almost dead.
You feel sick. The leopard gecko bites you.
* * * LOW HITPOINT WARNING * * *
Okay, then.
* * * LOW HITPOINT WARNING * * *
You feel sick.
You see here a robe.
Your system rejects the healing.
You feel better. The quokka misses you. x2
Aiming: Wall Jump
Press: ? - help, Dir - move target cursor You repeatedly attack the leopard gecko from above.
You barely miss the leopard gecko.
The leopard gecko is almost dead.
You closely miss the leopard gecko. Your bite misses the leopard gecko.
The leopard gecko is almost dead.
You repeatedly attack the orc from above.
You hit the orc.
The orc is heavily wounded.
You puncture the orc!
You kill the orc!
The Council accepts your kill.
You repeatedly attack the quokka from above.
You barely miss the quokka. You hit the quokka.
You kill the quokka!
The Council accepts your kill. The leopard gecko barely misses you.
The orc throws a poisoned tomahawk.
The poisoned tomahawk misses you.
The leopard gecko bites you but does no damage.
The dart slug misses you.
The leopard gecko completely misses you.
Things that are here:
a robe; a quokka corpse
Aiming: Wall Jump
Press: ? - help, Dir - move target cursor You repeatedly attack the orc from above.
You barely miss the orc. You puncture the orc!
You kill the orc!
The Council accepts your kill.
You repeatedly attack the dart slug from above.
You hit the dart slug.
The dart slug is severely wounded.
You hit the dart slug.
The dart slug is almost dead.
You repeatedly attack the leopard gecko from above.
You are feeling very hungry.
You miss the leopard gecko.
The leopard gecko is severely wounded.
You hit the leopard gecko.
You kill the leopard gecko!
The Council accepts your kill. The dart slug launches a dart at you.
The slug dart misses you.
Ijyb zaps a wand.
You turn into a will-o'-wisp.
Your +1 dagger melds into your body.
Your +0 pair of gloves melds into your body.
Your +0 pair of boots melds into your body.
Your +0 leather armour melds into your body.
Your +4 ring of evasion melds into your body.
No path to travel!
You spin and attack the dart slug.
The goblin shouts!
You touch the dart slug.
Lightning courses through the dart slug!
You kill the dart slug!
The Council accepts your kill.
Things that are here:
39 poisoned tomahawks; an orc corpse You touch Ijyb but do no damage.
Ijyb zaps a wand.
Your transformation has ended.
Your +1 dagger unmelds from your body.
Your +0 pair of gloves unmelds from your body.
Your +0 pair of boots unmelds from your body.
Your +0 leather armour unmelds from your body.
Your +4 ring of evasion unmelds from your body.
You turn into a tree.
Your +0 pair of gloves melds into your body.
Your +0 pair of boots melds into your body.
Your +0 leather armour melds into your body.
Your roots penetrate the ground.
You hit Ijyb but do no damage. You hit Ijyb.
Ijyb is lightly wounded.
Ijyb unwields a +0 hunting sling.
Ijyb wields a +0 dagger of electrocution.
You hear the crackle of electricity.
Ijyb hits you but does no damage.
You closely miss Ijyb.
Ijyb is lightly wounded.
A frilled lizard comes into view.
The goblin unwields a +0 club.
The goblin wields a +0 hunting sling.
The goblin shoots a stone.
The stone hits you but does no damage. Ijyb hits you but does no damage.
You are electrocuted!
You die...

# # .. ### .. ## ..
###. .#....
.....######
######..#♣.[.#
....##..g#### ..
........##
...##..g.#..#######
...##....#.........
≈.........#.##.....
≈.....♣♣w.#.#..####
.$.l%.♣♣......#
..........##.##


You could see Ijyb, a goblin and a frilled lizard (wandering).

Vanquished Creatures
  A crimson imp (D:3)
  3 gnolls (D:2)
  An adder (D:1)
  3 oozes
  2 worms (D:2)
  2 dart slugs
  2 leopard geckos
  5 orcs
  6 bats
  3 giant cockroaches
  2 goblins (D:2)
  7 hobgoblins
  A jackal (D:1)
  3 quokkas
  A ball python (D:2)
  5 frilled lizards
  10 kobolds
  5 rats
62 creatures vanquished.

Notes
Turn   | Place    | Note
-------+----------+-------------------------------------------
     0 | D:1      | MisterOstroum the Vine Stalker Martial Artist began the
                  | quest for the Orb.
     0 | D:1      | Reached XP level 1. HP: 13/13 MP: 3/3
   255 | D:1      | Reached XP level 2. HP: 18/19 MP: 4/4
   937 | D:2      | Reached XP level 3. HP: 18/23 MP: 5/5
   984 | D:1      | Reached ** piety under Wu Jian
  1336 | D:2      | Reached XP level 4. HP: 28/28 MP: 6/6
  1470 | D:2      | Reached skill level 1 in Short Blades
  1835 | D:3      | Reached XP level 5. HP: 15/32 MP: 7/7
  1849 | D:3      | Found an ornate altar of the Wu Jian Council.
  1849 | D:3      | Noticed Ijyb
  1867 | D:3      | HP: 1/32 [leopard gecko (3)]
  1879 | D:3      | Slain by Ijyb

Skill      XL: |  1  2  3  4 |
---------------+-------------+-----
Fighting       | 3 |  3.4
Stealth        | 2 3 |  3.5
Short Blades   | 1 |  1.5
Dodging        | 4 |  4.0
Unarmed Combat | |  4.7
Spellcasting   | |  1.1
Hexes          | |  1.0

Action                   |  1- 3 |  4- 6 || total
-------------------------+-------+-------++-------
Melee: Unarmed           |    54 |     2 ||    56
       Bite              |     9 |     9 ||    18
       Punch             |     1 |     1 ||     2
       Dagger            |    44 |   124 ||   168
Throw: Stone             |    27 |    65 ||    92
Invok: Lunge             |    16 |     6 ||    22
       Whirlwind         |     2 |    31 ||    33
 Abil: Wall Jump         |       |     2 ||     2
  Use: Scroll            |       |     6 ||     6
       Potion            |       |     1 ||     1
 Stab: Sleeping          |     7 |       ||     7
  Eat: Chunk             |     4 |     5 ||     9
Armor: Robe              |    10 |     5 ||    15
       Leather armour    |       |     6 ||     6
       Skin              |       |     2 ||     2
Dodge: Dodged            |    46 |    89 ||   135
